Map: Ulrena

Players

ILuvFreeWins - Winner!

  • Race: Protoss Protoss
  • League: Master

VampyWorm

  • Race: Protoss Protoss
  • League: Diamond

VOD

Have the link to the VOD?

Description

Time

  • Played on: Nov. 20, 2015, 1:07 a.m.
  • Length: 6:06
Show
View Real Time Build Order
Export as new Build Order

ILuvFreeWins Protoss - Winner!

Build Orders: Oracle Opening 

Get SALT Encoding   

  12  0:01  Probe (Chrono Boost)  
  13  0:11  Probe (Chrono Boost)  
  14  0:18  Pylon  
  14  0:22  Probe (Chrono Boost)  
  15  0:36  Gateway  
  15  0:37  Probe (Chrono Boost)  
  16  0:47  Probe (Chrono Boost)  
  16  0:48  Assimilator  
  17  0:58  Probe (Chrono Boost)  
  18  1:05  Gateway  
  18  1:08  Probe (Chrono Boost)  
  19  1:20  Probe (Chrono Boost)  
  19  1:24  Cybernetics Core  
  20  1:27  Pylon  
  20  1:32  Probe (Chrono Boost)  
  21  1:42  Assimilator  
  23  2:02  Adept (Chrono Boost)  
  23  2:04  Adept (Chrono Boost)  
  25  2:10  Mothership Core  
  27  2:28  Adept (Chrono Boost), Pylon  
  27  2:29  Adept (Chrono Boost)  
  31  2:37  Pylon  
  31  2:39  Pylon  
  30  2:53  Stargate  
  30  2:56  Adept (Chrono Boost)  
  30  3:14  Adept (Chrono Boost)  
  32  3:23  Adept (Chrono Boost)  
  32  3:37  Adept (Chrono Boost)  
  32  3:38  Oracle (Chrono Boost)  
  37  3:47  Adept  
  39  3:56  Probe  
  40  4:08  Probe  
  41  4:12  Stalker  
  41  4:14  Stalker  
  43  4:25  Pylon  
  43  4:26  Pylon  
  43  4:47  Nexus  
  43  4:52  Pylon  
  43  4:59  Oracle (Chrono Boost)  
  46  5:03  Probe  
  47  5:15  Probe  
  48  5:28  Probe (Chrono Boost)  
  49  5:39  Probe (Chrono Boost)  
  54  5:50  Probe (Chrono Boost)  
Show
View Real Time Build Order
Export as new Build Order

VampyWorm Protoss 

Build Orders: 1 Gate Expand 

Get SALT Encoding   

  12  0:00  Probe (Chrono Boost)  
  13  0:11  Probe (Chrono Boost)  
  14  0:19  Pylon  
  14  0:22  Probe (Chrono Boost)  
  15  0:38  Probe (Chrono Boost)  
  15  0:39  Gateway  
  16  0:48  Probe (Chrono Boost)  
  17  1:10  Nexus  
  17  1:16  Assimilator  
  17  1:21  Assimilator  
  17  1:24  Probe (Chrono Boost)  
  18  1:34  Cybernetics Core  
  18  1:38  Probe (Chrono Boost)  
  19  1:48  Probe (Chrono Boost)  
  19  1:51  Pylon  
  20  1:59  Probe (Chrono Boost)  
  21  2:10  Mothership Core (Chrono Boost)  
  21  2:13  Stalker  
  25  2:25  Probe (Chrono Boost)  
  25  2:27  Pylon  
  25  2:29  Warp Gate  
  27  2:40  Probe (Chrono Boost)  
  27  2:44  Stalker (Chrono Boost)  
  27  2:47  Probe  
  30  2:54  Probe  
  25  3:13  Probe  
  25  3:14  Stalker (Chrono Boost), Probe  
  28  3:33  Mothership Core (Chrono Boost)  
  29  3:37  Probe (Chrono Boost)  
  29  3:48  Probe (Chrono Boost)  
  29  3:52  Probe (Chrono Boost)  
  29  3:59  Probe (Chrono Boost)  
  30  4:06  Probe (Chrono Boost)  
  30  4:13  Probe (Chrono Boost)  
  31  4:23  Probe (Chrono Boost)  
  31  4:28  Twilight Council  
  26  4:31  Probe (Chrono Boost)  
  26  4:36  Probe (Chrono Boost)  
  23  4:42  Probe (Chrono Boost)  
  23  4:47  Probe (Chrono Boost)  
  25  4:53  Probe (Chrono Boost)  
  25  4:57  Probe (Chrono Boost)  
  26  5:03  Probe (Chrono Boost)  
  27  5:08  Probe (Chrono Boost)  
  27  5:14  Probe (Chrono Boost)  
  29  5:16  Pylon  
  27  5:23  Probe (Chrono Boost)  
  27  5:24  Probe (Chrono Boost)  
  29  5:34  Probe (Chrono Boost)  
  29  5:35  Probe (Chrono Boost)  
  31  5:43  Stalker  
  31  5:44  Probe (Chrono Boost)  
Tags
 
Add a new tag
Caveats
  • Supply blocks, unpowered buildings, or Contaminate may cause inaccurate times.
  • Supply counts are checked every 10 seconds.